 Dungeon Crawl Stone Soup version 0.28-a0-850-g09de17f5b5 (webtiles) character file.

Game seed: 13242702506208424926

34 Glokmah the Shooter (level 3, -1/18 HPs)
             Began as a Spriggan Hunter on Nov 14, 2021.
             Slain by Natasha (4 damage)
             ... on level 2 of the Dungeon.
             The game lasted 00:02:20 (1771 turns).

Glokmah the Shooter (Spriggan Hunter)               Turns: 1771, Time: 00:02:21

Health: -1/18      AC:  2    Str:  8    XL:     3   Next: 14%
Magic:  4/4        EV: 18    Int: 12    God:
Gold:   48         SH:  0    Dex: 16    Spells: 2/2 levels left

rFire   . . .      SeeInvis +   a - +1 shortbow
rCold   . . .      Faith    .   (shield currently unavailable)
rNeg    . . .      Spirit   .   c - +0 robe
rPois   .          Reflect  .   (helmet restricted)
rElec   .          Harm     .   (no cloak)
rCorr   .          Rampage  .   (gloves unavailable)
Will    .....                   (boots unavailable)
Stlth   ++........              (no amulet)
HPRegen 0.06/turn               (no ring)
MPRegen 0.09/turn               (no ring)

@: slowed, quick
A: very small, no large weapons, unfitting armour, see invisible, speed 3
a: no special abilities


You were on level 2 of the Dungeon.
You visited 1 branch of the dungeon, and saw 2 of its levels.

You collected 48 gold pieces.

Inventory:

Hand Weapons
 a - a +1 shortbow (weapon)
 b - a +0 dagger
 g - a +0 short sword
Missiles
 d - 7 arrows (quivered ammo)
 e - 17 poisoned darts
Armour
 c - a +0 robe (worn)
Scrolls
 h - a scroll of noise {unknown}
 k - a scroll of immolation {unknown}
Potions
 f - a potion of haste {unknown}
 i - 2 potions of mutation {unknown}
 j - a potion of lignification {unknown}


   Skills:
 + Level 1.9 Fighting
 + Level 0.3 Short Blades
 * Level 5.3 Bows
 + Level 3.2 Dodging
 + Level 2.5 Stealth


You had 2 spell levels left.
You didn't know any spells.
Your spell library was empty.

Dungeon Overview and Level Annotations

Branches:
Dungeon (2/15)

Altars:

Annotations:
D:2 Natasha


Innate Abilities, Weirdness & Mutations

You are very small and have problems with some larger weapons.
You are too small for most types of armour.
You have supernaturally acute eyesight. (SInv)
You cover ground extremely quickly. (Speed+++)


Message History

Natasha casts a spell at you. The magic dart hits you.
Fire: 12 arrows
Press: ? - help, Q - select action, (/) - cycle Shift-Dir - straight line, f - Natasha
Aim: Natasha, carrying a wand of flame (17) (56% to hit)
You shoot an arrow.
The arrow hits Natasha but does no damage.
Unknown command.
Fire: 11 arrows
Press: ? - help, Q - select action, (/) - cycle Shift-Dir - straight line, f/p - Natasha
Aim: Natasha, carrying a wand of flame (17) (56% to hit)
You shoot an arrow.
The arrow hits Natasha but does no damage.
Natasha casts a spell at you.
You feel yourself slow down.
Fire: 10 arrows
Press: ? - help, Q - select action, (/) - cycle Shift-Dir - straight line, f/p - Natasha
Aim: Natasha, carrying a wand of flame (17) (56% to hit)
You shoot an arrow. The arrow barely misses Natasha.
The arrow hits the crimson imp but does no damage.
Natasha zaps a wand.
The puff of flame hits you!
The crimson imp blinks!
Fire: 9 arrows
Press: ? - help, Q - select action, (/) - cycle Shift-Dir - straight line, f/p - Natasha
Aim: Natasha, carrying a wand of flame (16) (56% to hit)
You shoot an arrow. The arrow hits Natasha.
Natasha is moderately wounded.
Natasha casts a spell at you. The magic dart hits you.
* * * LOW HITPOINT WARNING * * *
Fire: 8 arrows
Press: ? - help, Q - select action, (/) - cycle Shift-Dir - straight line, f/p - Natasha
Aim: Natasha, carrying a wand of flame (16) (moderately wounded, 56% to hit)
You shoot an arrow. The arrow barely misses Natasha.
The arrow hits the shadow imp.
The shadow imp is heavily wounded.
Natasha closely misses you.
Natasha howls an incantation.
You feel disoriented. Natasha claws you.
You die...

####...############.#.#.#.#######
#......># #.#.#.#........
#.......# #.#.#.#########
#.......# #.#.#..........
####.......# #.#.###########
...........# #.#.# #....#
.........### ######.#.# #.##.#
.........#####......#.#####.##.#
................@.#.........##.#
....##'#######.##h#.#.#####.##.#
....##.# #.##5#.#.....#.##.#
....##.# ...#(#.#....##.##.#
....##.# #####(#.#.#####.##.#
######.# ######(#.#.#####.##.##
#.#.###......#.#.......##...
#.#.........5#.#############
#.#####.....(#


You could see Natasha, a crimson imp (summoned) and a shadow imp (summoned).

Vanquished Creatures
  A gnoll (D:1)
  3 endoplasms (D:1)
  3 goblins (D:1)
  A hobgoblin (D:2)
  A quokka (D:1)
  5 ball pythons (D:1)
  A bat (D:2)
  2 frilled lizards
  3 kobolds
  4 rats
24 creatures vanquished.

Notes
Turn   | Place    | Note
-------+----------+-------------------------------------------
     0 | D:1      | Glokmah the Spriggan Hunter began the quest for the Orb.
     0 | D:1      | Reached XP level 1. HP: 10/10 MP: 2/2
   110 | D:1      | Reached skill level 5 in Bows
   110 | D:1      | Reached XP level 2. HP: 15/15 MP: 3/3
   895 | D:1      | Reached XP level 3. HP: 18/18 MP: 4/4
   905 | D:1      | Found a faded altar of an unknown god.
  1746 | D:2      | Noticed Natasha
  1771 | D:2      | Slain by Natasha

Illustrated notes

Levels and vault maps discovered:
D:1:      lightli_arrival_flooded_house, layout_basic,
          shapermc_ecumenical_altar_flowoftime, roderic_cross_of_infinity,
          kennysheep_decorative_pillar, minmay_cut_off
D:2:      cheibrodos_helix_gallery, layout_basic, uniq_terence, uniq_natasha

Skill      XL: |  1 |
---------------+----+-----
Bows           | 5 |  5.3
Dodging        | 3 |  3.2
Stealth        | 2 |  2.5
Fighting       | |  1.9
Short Blades   | |  0.3

Action                   || total
-------------------------++-------
Melee: Dagger            ||    31
       Short sword       ||     1
 Fire: Shortbow          ||    29
 Stab: Sleeping          ||     5
Armor: Robe              ||     1
Dodge: Dodged            ||    37

Table legend: (Time is in decaauts)
 A = Elapsed time spent in this place.
 B = Non-inter-level travel time spent in this place.
 C = Inter-level travel time spent in this place.
 D = Time resting spent in this place.
 E = Time spent auto-exploring this place.
 F = Levels seen in this place.
 G = Mean time per level.
                   A        B        C        D        E       F      G
               +--------+--------+--------+--------+--------+-----+--------+
         Total |   1196 |   1129 |     67 |      0 |    920 |   2 |  598.0 |
       Dungeon |   1196 |   1129 |     67 |      0 |    920 |   2 |  598.0 |
               +--------+--------+--------+--------+--------+-----+--------+

Top non-repeatable levels by time:
     D:1: 958 daAuts
     D:2: 238 daAuts
